 Dungeon Crawl Stone Soup version 0.21-a0-529-g8c7b3f5 (webtiles) character file.

473 Firecrotchwizard the Skirmisher (level 7, -1/112 HPs)
             Began as an Ogre Berserker on Dec 10, 2017.
             Was a Priest of Trog.
             Slain by Duvessa
             ... wielding a +0 rapier of venom
              (9 damage)
             ... on level 4 of the Dungeon.
             The game lasted 00:11:21 (4868 turns).

Firecrotchwizard the Skirmisher (Ogre Berserker)    Turns: 4868, Time: 00:11:22

Health: -1/112     AC:  3    Str: 27    XL:     7   Next: 10%
Magic:  7/7        EV:  9    Int:  8    God:    Trog [***...]
Gold:   156        SH:  9    Dex: 10    Spells: 6/6 levels left

rFire    . . .     SeeInvis .   a - +0 mace
rCold    . . .     Gourm    .   d - +0 shield
rNeg     . . .     Faith    .   b - +0 animal skin
rPois    .         Spirit   .   (helmet restricted)
rElec    .         Reflect  .   (no cloak)
rCorr    +         Harm     .   (gloves unavailable)
MR       ++...                  (boots unavailable)
Stlth    ..........             (no amulet)
HPRegen  1.28/turn              o - ring of resist corrosion
MPRegen  0.10/turn              (no ring)

@: berserking (expiring), lethally poisoned (-1 -> -14), starving, regenerating,
very quick
A: large, unfitting armour, tough skin 1
a: Berserk, Trog's Hand, Burn Spellbooks, Renounce Religion


You were on level 4 of the Dungeon.
You worshipped Trog.
Trog was most pleased with you.
You were starving.

You visited 1 branch of the dungeon, and saw 4 of its levels.

You collected 156 gold pieces.

Inventory:

Hand Weapons
 a - a +0 mace (weapon)
 p - a +2 dagger of venom
   (You took it off an orc on level 3 of the Dungeon)
 x - a +1 falchion of slicing
   (You found it on level 4 of the Dungeon)
Missiles
 n - 7 tomahawks (quivered)
Armour
 b - a +0 animal skin (worn)
 d - a +0 shield (worn)
   (You found it on level 1 of the Dungeon)
Jewellery
 o - a ring of resist corrosion (left hand)
   (You found it on level 3 of the Dungeon)
Wands
 m - a wand of acid (5)
   (You found it on level 2 of the Dungeon)
Scrolls
 e - 7 scrolls of remove curse {unknown}
 h - a scroll of amnesia {unknown}
 i - 6 scrolls of identify {unknown}
 l - 4 scrolls of magic mapping {unknown}
 s - a scroll of random uselessness {unknown}
 t - 2 scrolls of teleportation {unknown}
 u - 3 scrolls of noise {unknown}
Potions
 f - a potion of curing {unknown}
 g - a potion of flight {unknown}
 j - a potion of berserk rage {unknown}
 k - a potion of agility {unknown}
 v - a potion of degeneration {unknown}
 w - a potion of heal wounds {unknown}
Books
 y - a book of Air
   (You found it on level 4 of the Dungeon)
Comestibles
 c - 4 bread rations {@e1}
 r - a meat ration {@e2}


   Skills:
 + Level 6.0 Fighting
 * Level 4.9 Maces & Flails
 + Level 4.0 Dodging
 + Level 2.3 Shields


You had 6 spell levels left.
You didn't know any spells.

Dungeon Overview and Level Annotations

Branches:
Dungeon (4/15)
 Temple: D:4-7

Altars:
Ashenzari
Kikubaaqudgha
Trog
Wu Jian
Xom

Annotations:
D:4 exclusion: Duvessa, Duvessa


Innate Abilities, Weirdness & Mutations

You are too large for most types of armour.
You have tough skin. (AC +1)


Message History

You are feeling hungry.
Things that are here:
a whip; a club; Health restored: 67 Dowan gestures at you while chanting.
You resist with almost no effort.
You feel the effects of Trog's Hand fading.
You miss Dowan. Dowan casts a spell at you. The puff of flame hits you!
You take 7 damage, and have 60/67 hp.
You closely miss Dowan. Dowan hits you but does no damage.
Space bends around you.
You take 4 damage, and have 56/67 hp.
You thump Dowan!
Dowan hits you with a dagger of distortion.
Space bends around you.
Dowan hits you with a dagger of distortion.
You feel strangely unstable.
You take 8 damage, and have 48/67 hp.
You hit Dowan.
Your skin stops crawling.
You feel less resistant to hostile enchantments.
Dowan hits you but does no damage. Space bends around you.
You take 4 damage, and have 44/67 hp.
Your shield prevents you from hitting Dowan.
Dowan hits you with a dagger of distortion.
You blink.
You take 5 damage, and have 39/67 hp.
You hit Dowan.
Dowan hits you with a dagger of distortion.
Space bends around you.
You take 6 damage, and have 34/67 hp.
You thump Dowan!
You kill Dowan!
Trog accepts your kill.
Trog appreciates your killing of a magic user.
You hear a distant scream of rage.
Your Fighting skill increases to level 6!
You have reached level 7!
Your surroundings suddenly seem different.
You regained 4 hp, and now have 38/75 hp.
MP restored: 7 You start resting.
You are feeling very hungry.
You regained 29 hp, and now have 67/75 hp.
You start resting.
You regained 5 hp, and now have 72/75 hp.
Duvessa goes berserk!
Your skin crawls.
You feel resistant to hostile enchantments.
You feel somewhat more hungry.
You hit Duvessa.
Duvessa hits you with a rapier of venom!
You are poisoned.
Duvessa hits you with a rapier of venom.
You are more poisoned.
You take 15 damage, and have 58/75 hp.
You hit Duvessa.
You feel very sick.
Duvessa hits you with a rapier of venom!
Duvessa closely misses you.
You take 18 damage, and have 40/75 hp.
MASSIVE DAMAGE!!
A red film seems to cover your vision as you go berserk!
You feel yourself moving faster!
You feel mighty!
You are starving!
You feel sick. You block Duvessa's attack.
You now have 59/112 hp.
You hit Duvessa.
You feel sick.
Duvessa hits you with a rapier of venom!!
You are more poisoned.
You take 18 damage, and have 41/112 hp.
You sock Duvessa!
You feel sick.
Duvessa hits you with a rapier of venom.
You take 4 damage, and have 37/112 hp.
You hit Duvessa but do no damage.
You feel sick.
Duvessa hits you with a rapier of venom.
You are more poisoned.
You take 2 damage, and have 35/112 hp.
You barely miss Duvessa.
You feel sick. You block Duvessa's attack.
You take 1 damage, and have 34/112 hp.
You sock Duvessa!
You feel very sick.
Duvessa hits you with a rapier of venom!
* * * LOW HITPOINT WARNING * * *
Duvessa hits you with a rapier of venom!
* * * LOW HITPOINT WARNING * * *
You are lethally poisoned!
You take 22 damage, and have 12/112 hp.
You hit Duvessa.
* * * LOW HITPOINT WARNING * * *
You feel very sick. Duvessa closely misses you.
You take 2 damage, and have 10/112 hp.
You hit Duvessa.
* * * LOW HITPOINT WARNING * * *
You feel very sick.
Duvessa hits you with a rapier of venom!
You die...

########.# #........# .....[...##
..(.......## #.........#
#####.........# #.#
#.............# ##.#
#.............# ##### .#.#
#..........@..# ###...#
.#g###..........#e.# #...#.#
..?................# ###.....#
.....<.............#####....####
.(.......................########
.......#####.........###.# #....
.....................###.# #...<
............[...........)# #..).
.........................####....


You could see Duvessa (berserk).

Vanquished Creatures
  Dowan (D:4)
  A scorpion (D:4)
  2 orc priests (D:3)
  An orc wizard (D:3)
  An iguana (D:4)
  3 worker ants (D:4)
  Robin (D:3)
  5 adders
  7 dart slugs
  A leopard gecko (D:2)
  11 orcs
  3 ball pythons
  11 bats
  7 giant cockroaches
  16 goblins
  14 hobgoblins
  7 jackals
  A quokka (D:4)
  5 frilled lizards
  8 kobolds
  12 rats
118 creatures vanquished.

Notes
Turn   | Place    | Note
-------+----------+-------------------------------------------
     0 | D:1      | Firecrotchwizard the Ogre Berserker began the quest for the Orb.
     0 | D:1      | Reached XP level 1. HP: 24/24 MP: 1/1
    79 | D:1      | Reached XP level 2. HP: 29/32 MP: 2/2
   119 | D:1      | Reached skill level 3 in Maces & Flails
   119 | D:1      | Reached skill level 3 in Dodging
   441 | D:1      | Reached XP level 3. HP: 23/40 MP: 3/3
   448 | D:1      | Reached ** piety under Trog
   917 | D:2      | HP: 8/40 [hobgoblin/club (6)]
  1447 | D:2      | Found a shattered altar of Ashenzari.
  1480 | D:2      | Reached XP level 4. HP: 47/49 MP: 4/4
  1712 | D:2      | Reached skill level 1 in Shields
  1875 | D:2      | Reached *** piety under Trog
  1924 | D:2      | Reached skill level 5 in Fighting
  2433 | D:3      | Reached XP level 5. HP: 34/57 MP: 5/5
  2482 | D:3      | Found a bloodstained altar of Trog.
  2533 | D:3      | Reached skill level 4 in Maces & Flails
  2612 | D:3      | HP: 14/57 [poisoned by an orc]
  2620 | D:3      | HP: 13/57 [poisoned by an orc]
  2628 | D:3      | HP: 13/57 [poisoned by an orc]
  3110 | D:3      | Found an ancient bone altar of Kikubaaqudgha.
  3111 | D:3      | Found a shimmering altar of Xom.
  3199 | D:3      | Reached XP level 6. HP: 66/66 MP: 6/6
  3260 | D:3      | Found an ornate altar of the Wu Jian Council.
  3930 | D:4      | Reached skill level 2 in Shields
  3949 | D:4      | Noticed Robin
  4110 | D:3      | Killed Robin
  4233 | D:4      | Noticed Duvessa
  4301 | D:4      | HP: 16/67 [worker ant (1)]
  4303 | D:4      | HP: 7/100 [worker ant (8)]
  4304 | D:4      | Reached skill level 4 in Dodging
  4308 | D:4      | HP: 6/100 [poisoned by a worker ant]
  4313 | D:4      | HP: 5/67 [poisoned by a worker ant]
  4318 | D:4      | HP: 9/67 [poisoned by a worker ant]
  4325 | D:4      | HP: 7/67 [poisoned by a worker ant]
  4332 | D:3      | HP: 7/67 [poisoned by a worker ant]
  4652 | D:4      | Noticed Dowan
  4703 | D:4      | Killed Dowan
  4703 | D:4      | Reached skill level 6 in Fighting
  4703 | D:4      | Reached XP level 7. HP: 38/75 MP: 7/7
  4866 | D:4      | HP: 20/112 [Duvessa/rapier of venom (12)]
  4868 | D:4      | HP: 8/112 [poisoned by Duvessa]
  4868 | D:4      | Slain by Duvessa

Vault maps used:
D:1:      lightli_arrival_windingriver
D:2:      wad_river_or_something, marbit_many_paths, first_bread,
          hangedman_abyss_or_decor_lesser_grid, corexii_leaking_fountain,
          minmay_circled_x
D:3:      lemuel_crystal_altar, gammafunk_temple_overflow_pools,
          old_standard_altar, minmay_fountain_box, minivault_27,
          minmay_misc_feat_doors, minmay_misc_feat_encased
D:4:      lemuel_zombie_altar_yredelemnul, lemuel_round_altar,
          kennysheep_okawaru_gauntlet, minmay_misc_feat_x, uniq_robin,
          uniq_grinder, uniq_duvessa

Skill      XL: |  1  2  3  4  5  6 |
---------------+-------------------+-----
Maces & Flails | 3 4 |  4.9
Dodging        | 3 4 |  4.0
Shields        | 1 2 |  2.3
Fighting       | 5 6 |  6.0

Action                   |  1- 3 |  4- 6 |  7- 9 || total
-------------------------+-------+-------+-------++-------
Melee: Mace              |   151 |   202 |     9 ||   362
Throw: Tomahawk          |     7 |   101 |       ||   108
Invok: Berserk           |     1 |     1 |     1 ||     3
       Trog's Hand       |       |     6 |     1 ||     7
  Eat: Chunk             |     1 |    10 |       ||    11
       Meat ration       |     1 |       |       ||     1
Armor: Animal skin       |    64 |    58 |       ||   122
Dodge: Dodged            |    91 |    68 |     2 ||   161
Block: Shield            |    21 |    77 |     2 ||   100

Table legend:
 A = Spawn XP
 B = Non-spawn XP
 C = Spawn XP percentage of total XP
 D = Spawn monster count
 E = Non-spawn monster count
 F = Spawn count percentage of total count
 G = Total turns spent on level
                    A         B        C        D         E        F      G
               +---------+---------+-------+---------+---------+-------+---------
         Total |       0 |     677 |   0.0 |       0 |     118 |   0.0 |  4868
               +---------+---------+-------+---------+---------+-------+---------
           D:1 |       0 |      49 |   0.0 |       0 |      28 |   0.0 |   896
           D:2 |       0 |     109 |   0.0 |       0 |      39 |   0.0 |  1386
           D:3 |       0 |     225 |   0.0 |       0 |      34 |   0.0 |  1934
           D:4 |       0 |     294 |   0.0 |       0 |      17 |   0.0 |   652
               +---------+---------+-------+---------+---------+-------+---------

Vault maps used:
D:1:      lightli_arrival_windingriver
D:2:      wad_river_or_something, marbit_many_paths, first_bread,
          hangedman_abyss_or_decor_lesser_grid, corexii_leaking_fountain,
          minmay_circled_x
D:3:      lemuel_crystal_altar, gammafunk_temple_overflow_pools,
          old_standard_altar, minmay_fountain_box, minivault_27,
          minmay_misc_feat_doors, minmay_misc_feat_encased
D:4:      lemuel_zombie_altar_yredelemnul, lemuel_round_altar,
          kennysheep_okawaru_gauntlet, minmay_misc_feat_x, uniq_robin,
          uniq_grinder, uniq_duvessa

Table legend:
 A = Turns spent in this place as a percentage of turns spent in the entire game.
 B = Non-inter-level travel turns spent in this place as a percentage of non-inter-level travel turns spent in the entire game.
 C = Inter-level travel turns spent in this place as a percentage of turns spent in this place.
 D = Turns resting spent in this place as a percentage of non-inter-level travel turns spent in this place.
 E = Turns spent auto-exploring this place as a percentage of non-inter-level travel turns spent in this place.
 F = Non-inter-level travel turns spent in this place divided by the number of levels of this place that you've seen.
                   A       B       C       D       E      F
               +-------+-------+-------+-------+-------+----------------------
         Total | 100.0 | 100.0 |   2.2 |  38.8 |  42.2 | 1190.0
       Dungeon | 100.0 | 100.0 |   2.2 |  38.8 |  42.2 | 1190.0
               +-------+-------+-------+-------+-------+----------------------

Table legend:
 A = Kills in this place as a percentage of kills in entire the game.
 B = Kills by you in this place as a percentage of kills by you in the entire game.
 C = Kills by friends in this place as a percentage of kills by friends in the entire game.
 D = Other kills in this place as a percentage of other kills in the entire game.
 E = Experience gained in this place as a percentage of experience gained in the entire game.
 F = Experience gained in this place divided by the number of levels of this place that you have seen.
                   A       B       C       D       E      F
               +-------+-------+-------+-------+-------+----------------------
         Total | 100.0 | 100.0 |   N/A |   N/A | 100.0 | 169.2
       Dungeon | 100.0 | 100.0 |   N/A |   N/A | 100.0 | 169.2
               +-------+-------+-------+-------+-------+----------------------
